 Dungeon Crawl Stone Soup version 0.26.0-15-gc6cd9f700b (webtiles) character file.

Game seed: 1640128777300738666

12091 Acheron the Grappler (level 11, -2/100 HPs)
             Began as a Troll Necromancer on Jan 16, 2021.
             Slain by an orc warrior
             ... wielding a +0 dire flail
              (17 damage)
             ... on level 14 of the Dungeon.
             The game lasted 00:57:33 (8866 turns).

Acheron the Grappler (Troll Necromancer)            Turns: 8866, Time: 00:57:33

Health: -2/100     AC: 12    Str: 24    XL:     11   Next: 57%
Magic:  15/15      EV: 13    Int: 17    God:
Gold:   1046       SH:  5    Dex: 13    Spells: 12/17 levels left

rFire    + + .     SeeInvis +     - Unarmed
rCold    + . .     Faith    .   (no shield)
rNeg     . . .     Spirit   .   C - +5 robe of Night {Dark Will+ SInv}
rPois    .         Reflect  +   y - +1 hat
rElec    +         Harm     .   (no cloak)
rCorr    .         Rampage  .   (gloves unavailable)
Will     +....                  (boots unavailable)
Stlth    +++.......             J - amulet "Sylahiz" {Reflect Str+4 SH+5}
HPRegen  0.66/turn              H - ring of the Tuna {rElec rF+ rC+ SInv}
MPRegen  0.14/turn              G - ring "Muerelel" {rF+ Str+2 Int+6 Stlth+}

@: no status effects
A: large, unfitting armour, claws 3, regeneration 1, shaggy fur 1, tough skin 3
a: no special abilities


You were on level 14 of the Dungeon.
You visited 2 branches of the dungeon, and saw 15 of its levels.
You also visited: Trove.

You collected 1180 gold pieces.
You spent 134 gold pieces at shops.

Inventory:

Hand Weapons
 n - a +2 war axe
 B - the +11 falchion "Qoecw" {flame, *Corrode rC++ SInv}
   (You found it on level 7 of the Dungeon)

   It has been specially enchanted to burn those struck by it, causing extra
   injury to most foes and up to half again as much damage against particularly
   susceptible opponents.
   Big, fiery blades are also staple armaments of hydra-hunters.
   It greatly protects you from cold.
   It lets you see invisible.
   It may corrode you when you take damage.
Missiles
 a - 14 boomerangs (quivered)
 k - a throwing net
 p - 10 curare-tipped darts
 u - 53 poisoned darts
Armour
 g - a +2 robe of willpower
 y - a +1 hat (worn)
 C - the +5 robe of Night (worn) {Dark Will+ SInv}
   (You found it on level 8 of the Dungeon)

   It affects your willpower, your defense against some magical effects.
   It lets you see invisible.
Magical Staves
 A - an uncursed staff of fire
Jewellery
 o - the amulet "Fadybies" {Acrobat +Inv rElec}
   (You found it in a treasure trove)

   [amulet of the acrobat]

   It helps you evade while moving and waiting.
   It insulates you from electricity.
   It lets you turn invisible.
 r - the ring "Tusy" {Wiz Str+2 Dex+5}
   (You found it in a treasure trove)

   [ring of wizardry]

   It improves your spell success rate.
   It affects your strength (+2).
   It affects your dexterity (+5).
 s - an uncursed ring of protection from fire
 F - the amulet of Yschin Biwki {RegenMP rF+ rN+}
   (You found it in a treasure trove)

   [amulet of magic regeneration]

   It increases your magic regeneration.
   It protects you from fire.
   It protects you from negative energy.
 G - the ring "Muerelel" (right claw) {rF+ Str+2 Int+6 Stlth+}
   (You found it in a treasure trove)

   [ring of stealth]

   It affects your strength (+2).
   It affects your intelligence (+6).
   It protects you from fire.
   It makes you more stealthy.
 H - the ring of the Tuna (left claw) {rElec rF+ rC+ SInv}
   (You found it in a treasure trove)

   [ring of protection from cold]

   It protects you from fire.
   It protects you from cold.
   It insulates you from electricity.
   It lets you see invisible.
 I - an uncursed amulet of faith {unknown}
 J - the amulet "Sylahiz" (around neck) {Reflect Str+4 SH+5}
   (You found it in a treasure trove)

   [amulet of reflection]

   It shields you and reflects attacks.
   It affects your strength (+4).
   It affects your SH (+5).
 L - an uncursed ring of resist corrosion
 M - the ring "Mujah" {rN+ Str+6}
   (You found it in a treasure trove)

   [ring of strength]

   It affects your strength (+6).
   It protects you from negative energy.
 Q - the amulet "Podusk" {Spirit rPois Dex+5}
   (You found it in a treasure trove)

   [amulet of guardian spirit]

   It causes incoming damage to be split between your health and magic.
   It affects your dexterity (+5).
   It protects you from poison.
Wands
 q - a wand of polymorph (4)
 v - a wand of paralysis (10)
 z - a wand of enslavement (9)
Scrolls
 e - a scroll of blinking
 f - 2 scrolls of fog
 i - 9 scrolls of remove curse
 j - 2 scrolls of amnesia
 m - 2 scrolls of teleportation
Potions
 b - 5 potions of curing
 c - a potion of berserk rage {unknown}
 d - a potion of flight
 h - a potion of brilliance
 l - a potion of mutation
 w - a potion of lignification {unknown}
 x - 2 potions of heal wounds


   Skills:
 * Level 4.3 Fighting
 * Level 3.4 Throwing
 * Level 6.7 Dodging
 * Level 3.7 Stealth
 + Level 1.3 Shields
 * Level 12.0 Unarmed Combat
 * Level 3.6 Spellcasting
 * Level 4.4 Necromancy
 * Level 2.1 Evocations


You had 12 spell levels left.
You knew the following spells:

 Your Spells              Type           Power        Failure   Level
a - Pain                  Necr           72%          2%          1
b - Animate Skeleton      Necr           36%          2%          1
c - Apportation           Tloc           6%           17%         1
d - Blink                 Tloc           N/A          26%         2

Your spell library contained the following spells:

 Spells                   Type           Power        Failure   Level
 Vampiric Draining        Necr           9%           8%          3
 Corona                   Hex            3%           17%         1
 Magic Dart               Conj           12%          17%         1
 Summon Small Mammal      Summ           12%          17%         1
 Call Imp                 Summ           3%           26%         2
 Slow                     Hex            3%           26%         2
 Animate Dead             Necr           9%           26%         4
 Conjure Flame            Conj/Fire      3%           45%         3
 Mephitic Cloud           Conj/Pois/Air  3%           45%         3
 Agony                    Necr           18%          58%         5


Dungeon Overview and Level Annotations

Branches:
Dungeon (14/15)            Temple (1/1) D:4            Lair (0/6) D:9
    Orc: D:9-12      Vaults: D:13-14

Altars:
Ashenzari
Cheibriados
Dithmenos
Elyvilon
Fedhas
Gozag
Hepliaklqana
Kikubaaqudgha
Makhleb
Nemelex Xobeh
Qazlal
Ru
Sif Muna
Trog
Uskayaw
Vehumet
Wu Jian
Xom
Yredelemnul
Zin
The Shining One

Shops:
D:4 ?*[}   D:6 (

Annotations:
D:9 exclusion: upstairs
D:12 exclusion: downstairs
D:13 Sonja


Innate Abilities, Weirdness & Mutations

You are too large for most types of armour.
You have claws for hands.
Your natural rate of healing is unusually fast.
You are covered in fur. (AC +1)
You have extremely tough skin. (AC +3)


Message History

You barely miss the scorpion.
The scorpion is almost dead.
The orc warrior hits you with a +0 dire flail!
You closely miss the scorpion.
The scorpion is almost dead.
The scorpion closely misses you. The five-headed hydra bites you!
The five-headed hydra bites you but does no damage.
The five-headed hydra bites you! The five-headed hydra bites you. x2
The orc warrior hits you but does no damage.
You barely miss the scorpion.
The scorpion is almost dead.
The scorpion barely misses you.
The five-headed hydra bites you but does no damage. x2
You block the five-headed hydra's attack.
The five-headed hydra bites you!
* * * LOW HITPOINT WARNING * * *
The five-headed hydra bites you!
* * * LOW HITPOINT WARNING * * *
The orc warrior hits you with a +0 dire flail!
You die...

......# ......#
#####.# #.# #.#
#.# ##.#####
#......##########
#......os@oo....#
#..###.###D##.#.#
..... #.#
#.##.#.#
##.....#D#
#.##D#.#
##....).#
#.##.#D# #...###
#.##.#o# ....
#.##.#.# .#.
#......# ..
####.###


You could see a five-headed hydra, an orc warrior, a scorpion and 2 orcs.

Vanquished Creatures
  Josephine (D:14)
  A centaur warrior (D:14)
  A two-headed ogre (D:9)
  An unseen horror (D:14)
  An ugly thing (D:13)
  Joseph (D:8)
  A troll (D:13)
  A polar bear (D:10)
  Grinder (D:5)
  Prince Ribbit (D:5)
  4 wraiths
  2 yaks
  A basilisk (D:11)
  Menkaure (D:5)
  An acid dragon (D:11)
  2 soldier ants
  2 ice beasts
  3 orc warriors
  A black bear (D:8)
  2 sky beasts
  An eye of draining (D:10)
  3 necrophages
  7 phantoms
  2 wolves
  4 ogres
  10 centaurs
  A big kobold (D:10)
  8 bullfrogs
  A scorpion (D:11)
  4 killer bees (D:11)
  A howler monkey (D:4)
  4 centaur zombies
  3 bullfrog skeletons
  A centaur skeleton (D:4)
  10 orc wizards
  2 bullfrog zombies
  6 orc priests
  A gnoll shaman (D:5)
  5 hounds
  4 iguanas
  9 worker ants
  3 hound skeletons
  3 worker ant zombies
  12 gnolls
  17 adders
  3 shadow imps
  2 white imps
  2 worker ant simulacra (D:10)
  3 ufetubi
  An ooze (D:1)
  2 adder skeletons
  A worm (D:5)
  A dart slug (D:2)
  4 leopard geckos
  31 orcs
  7 giant cockroaches
  4 goblins
  3 hobgoblins
  2 jackals (D:6)
  5 quokkas
  A ball python (D:4)
  9 bats
  2 frilled lizards
  A giant cockroach zombie (D:5)
  6 kobolds
  2 leopard gecko skeletons
  6 rats
249 creatures vanquished.

Vanquished Creatures (others)
  A gnoll (D:5)
  2 plants (D:6)
3 creatures vanquished.

Grand Total: 252 creatures vanquished

Notes
Turn   | Place    | Note
-------+----------+-------------------------------------------
     0 | D:1      | Acheron the Troll Necromancer began the quest for the Orb.
     0 | D:1      | Reached XP level 1. HP: 16/16 MP: 1/1
   112 | D:1      | Reached XP level 2. HP: 24/24 MP: 2/2
   389 | D:1      | Found a sparkling altar of Nemelex Xobeh.
   608 | D:1      | You fall into a shaft and drop 1 floor!
   641 | D:2      | Reached skill level 1 in Unarmed Combat
   641 | D:2      | Reached XP level 3. HP: 18/32 MP: 4/4
   811 | D:2      | Found a faded altar of an unknown god.
   879 | D:2      | Noticed a centaur
   892 | D:2      | Killed a centaur
   893 | D:2      | Reached skill level 1 in Fighting
   893 | D:2      | Reached skill level 2 in Unarmed Combat
   893 | D:2      | Reached XP level 4. HP: 18/41 MP: 5/5
  1257 | D:2      | Noticed a bullfrog
  1259 | D:2      | Killed a bullfrog
  1260 | D:2      | Reached XP level 5. HP: 38/48 MP: 6/6
  1388 | D:3      | Reached skill level 3 in Unarmed Combat
  1430 | D:3      | Reached XP level 6. HP: 10/55 MP: 7/7
  1705 | D:4      | HP: 1/55 [iguana (14)]
  1817 | D:4      | Reached skill level 4 in Unarmed Combat
  1883 | D:4      | Found Voutoptu's Armour Boutique.
  1883 | D:4      | Found Leutrekh's Magic Scroll Boutique.
  1885 | D:4      | Found Buyfroo's Gadget Boutique.
  1885 | D:4      | Found Lulataom's General Store.
  1907 | D:4      | Reached XP level 7. HP: 62/63 MP: 8/8
  1957 | D:4      | Found a staircase to the Ecumenical Temple.
  1963 | Temple   | Entered the Ecumenical Temple
  2165 | D:4      | Reached skill level 5 in Unarmed Combat
  2275 | D:4      | Bought a scroll of teleportation for 36 gold pieces
  2275 | D:4      | Bought a scroll of fear for 42 gold pieces
  2279 | D:4      | Bought a scroll of fog for 28 gold pieces
  2279 | D:4      | Bought a scroll of identify for 28 gold pieces
  2955 | D:5      | Entered Level 5 of the Dungeon
  2995 | D:5      | Noticed Prince Ribbit
  3007 | D:5      | Noticed Menkaure
  3190 | D:5      | Killed Menkaure
  3191 | D:5      | Reached skill level 6 in Unarmed Combat
  3191 | D:5      | Reached XP level 8. HP: 62/72 MP: 10/10
  3290 | D:5      | Noticed Grinder
  3305 | D:5      | Killed Grinder
  3328 | D:5      | Reached skill level 7 in Unarmed Combat
  3336 | D:5      | Killed Prince Ribbit
  3938 | D:6      | Reached skill level 8 in Unarmed Combat
  3989 | D:6      | Found Ukheub Rila's Antique Weapon Shop.
  3998 | D:6      | Reached XP level 9. HP: 74/80 MP: 11/11
  4113 | D:6      | Found a burning altar of Makhleb.
  4115 | D:6      | Found a hazy altar of Hepliaklqana.
  5137 | D:7      | Got a twisted falchion
  5138 | D:7      | Identified the +11 falchion "Qoecw" {flame, *Corrode rC++
                  | SInv} (You found it on level 7 of the Dungeon)
  5188 | D:7      | Found a shadowy altar of Dithmenos.
  5192 | D:7      | Found a shimmering altar of Xom.
  5246 | D:7      | Reached skill level 9 in Unarmed Combat
  5264 | D:7      | Found an ancient bone altar of Kikubaaqudgha.
  5527 | D:8      | Found the +5 robe of Night {Dark Will+ SInv}
  5589 | D:8      | Noticed Joseph
  5594 | D:8      | Reached skill level 1 in Throwing
  5609 | D:8      | Killed Joseph
  5610 | D:8      | Reached skill level 5 in Dodging
  5962 | D:8      | Noticed a two-headed ogre
  6023 | D:8      | Reached skill level 10 in Unarmed Combat
  6231 | D:9      | Reached XP level 10. HP: 85/91 MP: 13/13
  6242 | D:10     | Entered Level 10 of the Dungeon
  6380 | D:10     | Found a portal to a secret trove of treasure.
  6519 | Trove    | Entered a treasure trove
  6529 | Trove    | Got a shimmering silver amulet
  6531 | Trove    | Got a smoking lapis lazuli ring
  6537 | Trove    | Got a steaming lead amulet
  6539 | Trove    | Got a pitted bronze ring
  6541 | Trove    | Got a slimy bone ring
  6545 | Trove    | Got a scintillating steel amulet
  6551 | Trove    | Got a wavering golden ring
  6559 | Trove    | Got a faintly glowing diamond amulet
  6718 | D:10     | Identified the amulet of Yschin Biwki {RegenMP rF+ rN+}
                  | (You found it in a treasure trove)
  6719 | D:10     | Identified the amulet "Fadybies" {Acrobat +Inv rElec} (You
                  | found it in a treasure trove)
  6720 | D:10     | Identified the ring "Mujah" {rN+ Str+6} (You found it in a
                  | treasure trove)
  6721 | D:10     | Identified the amulet "Podusk" {Spirit rPois Dex+5} (You
                  | found it in a treasure trove)
  6722 | D:10     | Identified the amulet "Sylahiz" {Reflect Str+4 SH+5} (You
                  | found it in a treasure trove)
  6724 | D:10     | Identified the ring "Tusy" {Wiz Str+2 Dex+5} (You found it
                  | in a treasure trove)
  6747 | D:9      | Identified the ring "Muerelel" {rF+ Str+2 Int+6 Stlth+}
                  | (You found it in a treasure trove)
  6826 | D:9      | Identified the ring of the Tuna {rElec rF+ rC+ SInv} (You
                  | found it in a treasure trove)
  6857 | D:9      | Noticed a two-headed ogre
  6869 | D:9      | Killed a two-headed ogre
  6992 | D:9      | Noticed a death yak
  7010 | D:9      | Found a staircase to the Lair.
  7010 | D:9      | Noticed a death yak
  7035 | D:9      | Noticed a death yak
  7035 | D:9      | Noticed a death yak
  7036 | D:9      | Noticed a death yak
  7051 | D:9      | Noticed a death yak
  7377 | D:11     | Noticed a cyan ugly thing
  7430 | D:12     | Reached skill level 11 in Unarmed Combat
  7430 | D:12     | Reached skill level 1 in Evocations
  7475 | D:13     | Noticed a gargoyle
  8035 | D:11     | Reached XP level 11. HP: 100/100 MP: 15/15
  8125 | D:11     | Reached skill level 1 in Shields
  8356 | D:13     | Noticed a centaur warrior
  8432 | D:13     | Noticed Sonja
  8482 | D:13     | Noticed a red ugly thing
  8491 | D:13     | Killed a red ugly thing
  8548 | D:14     | Noticed an unseen horror
  8560 | D:14     | Killed an unseen horror
  8648 | D:14     | Noticed Josephine
  8666 | D:14     | Killed Josephine
  8751 | D:14     | Noticed a centaur warrior
  8760 | D:14     | Killed a centaur warrior
  8770 | D:14     | Reached skill level 12 in Unarmed Combat
  8825 | D:14     | Learned a level 1 spell: Animate Skeleton
  8827 | D:14     | Learned a level 1 spell: Apportation
  8830 | D:14     | Learned a level 2 spell: Blink
  8830 | D:14     | Noticed a five-headed hydra
  8866 | D:14     | Slain by an orc warrior

Illustrated notes

Levels and vault maps discovered:
D:1:      scummos_arrival_forest, layout_loops_ring,
          nemelex_xobeh_ov_fountains_minmay
D:2:      layout_basic, chequers_ecumenical_altar_simple
D:3:      layout_loops_ring
D:4:      minmay_polygon_palace, layout_layer_cave, minmay_temple_entry_hall,
          minmay_shop_grid_forest
D:5:      layout_cave_pods, minivault_4, uniq_grinder, uniq_menkaure,
          uniq_prince_ribbit1
D:6:      layout_basic, chequers_temple_overflow_statue_of_worship,
          serial_shops, nicolae_shop_overgrown_old_shop, minmay_between
D:7:      layout_loops_ring, okawaru_altar_gauntlet_db,
          grunt_temple_overflow_open, kiku_gazebo_pond_becter
D:8:      layout_rooms, uniq_joseph
D:9:      layout_rooms, dpeg_lair_monsters
D:10:     layout_basic, nicolae_trove_entry_isolated, serial_ice, serial_ice_c,
          serial_ice_o, serial_ice_b, serial_ice_l, serial_ice_m, serial_ice_g,
          serial_ice_a, serial_ice_d
D:11:     layout_long_grid, corexii_hall_statues_l, minmay_misc_feat_doors
D:12:     kennysheep_windowed_halls, layout_long_grid, david_orc_4
D:13:     layout_roguey, enter_bailey_5, library_closet, uniq_sonja
D:14:     layout_loops_corners, hangedman_vaults_entry_quadrant_bands,
          hangedman_decor_points, uniq_josephine, uniq_nessos, uniq_snorg
Temple:   nicolae_temple_no_exploring_needed

Skill      XL: |  1  2  3  4  5  6  7  8  9 10 11 |
---------------+----------------------------------+-----
Unarmed Combat | 1 2 3 4 6 8 10 11 12 | 12.0
Dodging        | 2 3 4 5 6 |  6.7
Fighting       | 1 2 3 4 |  4.3
Spellcasting   | 2 3 |  3.6
Stealth        | 2 3 |  3.7
Throwing       | 1 2 3 |  3.4
Evocations     | 1 2 |  2.1
Necromancy     | 4 |  4.4
Shields        | 1 |  1.3

Action                   |  1- 3 |  4- 6 |  7- 9 | 10-12 || total
-------------------------+-------+-------+-------+-------++-------
Melee: Unarmed           |   108 |   116 |   457 |   309 ||   990
       Punch             |       |     1 |    10 |    17 ||    28
Throw: Boomerang         |       |       |     4 |       ||     4
Evoke: Wand              |       |       |       |     1 ||     1
  Use: Scroll            |       |     2 |    16 |    13 ||    31
       Potion            |       |     2 |     2 |     1 ||     5
 Stab: Sleeping          |     3 |       |     4 |     3 ||    10
       Distracted        |       |       |     1 |     1 ||     2
Armor: Robe              |    45 |    50 |   135 |   107 ||   337
Dodge: Dodged            |    62 |    62 |   202 |   185 ||   511
Block: Other             |       |       |       |    55 ||    55
       Reflection        |       |       |       |     2 ||     2
